 Dungeon Crawl Stone Soup version 0.24-a0-441-g27f0392e16 (webtiles) character file.

Game seed: 16697531461208185633

53 gruber the Conjurer (level 3, 0/21 HPs)
             Began as an Octopode Conjurer on June 19, 2019.
             Succumbed to an adder's poison
             ... on level 2 of the Dungeon.
             The game lasted 00:01:49 (1484 turns).

gruber the Conjurer (Octopode Conjurer)             Turns: 1484, Time: 00:01:50

Health: 0/21       AC:  1    Str:  7    XL:     3   Next: 89%
Magic:  6/7        EV: 13    Int: 23    God:
Gold:   0          SH:  0    Dex: 12    Spells: 1/7 levels left

rFire    . . .     SeeInvis .   f - +0 dagger
rCold    . . .     Gourm    .   (no shield)
rNeg     . . .     Faith    .   (helmet restricted)
rPois    .         Spirit   .   (no amulet)
rElec    .         Reflect  .   (no ring)
rCorr    .         Harm     .   (no ring)
MR       .....                  (no ring)
Stlth    +++.......             (no ring)
HPRegen  0.07/turn              (no ring)
MPRegen  0.10/turn              (no ring)
                                (no ring)
                                (no ring)

@: brilliant, lethally poisoned (0 -> -3), hasted, very quick
A: almost no armour, stealthy swim, amphibious, 8 rings, constrict 8, camouflage
1, gelatinous body 1
a: no special abilities


You were on level 2 of the Dungeon.
You were not hungry.

You visited 1 branch of the dungeon, and saw 2 of its levels.

Inventory:

Hand Weapons
 f - a +0 dagger (weapon)
Missiles
 d - 18 poisoned darts (quivered)
Scrolls
 a - a scroll of remove curse {unknown}
 c - a scroll of teleportation {unknown}
 h - a scroll of fear {unknown}
Comestibles
 b - 3 rations


   Skills:
 - Level 2.0 Dodging
 - Level 2.6 Stealth
 * Level 2.7 Spellcasting
 + Level 4.9 Conjurations


You had one spell level left.
You knew the following spells:

 Your Spells              Type           Power        Failure   Level  Hunger
a - Magic Dart            Conj           ####         1%          1    None
b - Searing Ray           Conj           #####.       1%          2    ##.....
c - Dazzling Spray        Conj/Hex       ####..       1%          3    ###....

Your spell library contained the following spells:

 Spells                   Type           Power        Failure   Level  Hunger
 Iskenderun's Mystic Bla  Conj           #####...     1%          4    ####...
 Force Lance              Conj/Tloc      ####....     4%          4    ####...
 Fulminant Prism          Conj/Hex       ####......   4%          4    ####...


Dungeon Overview and Level Annotations

Branches:
Dungeon (2/15)

Altars:
Trog


Innate Abilities, Weirdness & Mutations

You cannot wear most types of armour.
You are very stealthy in the water. (Stealth+)
You are amphibious.
You can wear up to eight rings at the same time.
You can use your tentacles to constrict eight enemies at once.
Your skin changes colour to match your surroundings (Stealth+).
Your rubbery body absorbs attacks. (AC +1, EV +1)


Message History

* * * LOW HITPOINT WARNING * * *
You feel sick.
Found a mace.
* * * LOW HITPOINT WARNING * * *
You feel sick.
You see here a mace.
A dart slug comes into view.
* * * LOW HITPOINT WARNING * * *
You feel sick.
* * * LOW HITPOINT WARNING * * *
You feel sick.
Found a dagger.
Found a bloodstained altar of Trog.
The helpless dart slug fails to defend itself.
You puncture the dart slug! You grab the dart slug.
The dart slug is almost dead.
You constrict the dart slug. The dart slug completely misses you.
You hit the dart slug.
You kill the dart slug!
Found 4 javelins.
You die...

....... .......
## >..._.. .#
....... .#
....... .#
....... .#
.......##.#####.
#..@...(....
#....##########
#.............#
#....########)#
#....# #.######
#....# #.......
###.## #######.
#.# #. #. #.


There were no monsters in sight!

Vanquished Creatures
  An adder (D:2)
  A dart slug (D:2)
  2 leopard geckos (D:1)
  A ball python (D:1)
  3 bats (D:1)
  A giant cockroach (D:1)
  5 goblins (D:1)
  9 hobgoblins (D:1)
  6 kobolds (D:1)
  2 frilled lizards (D:1)
  4 rats (D:1)
35 creatures vanquished.

Notes
Turn   | Place    | Note
-------+----------+-------------------------------------------
     0 | D:1      | gruber the Octopode Conjurer began the quest for the Orb.
     0 | D:1      | Reached XP level 1. HP: 11/11 MP: 3/3
   455 | D:1      | Reached XP level 2. HP: 17/17 MP: 1/5
   838 | D:1      | Reached XP level 3. HP: 15/21 MP: 2/6
   842 | D:1      | Learned a level 2 spell: Searing Ray
   846 | D:1      | Learned a level 3 spell: Dazzling Spray
  1479 | D:2      | HP: 1/21 [poisoned by an adder]
  1480 | D:2      | Found a bloodstained altar of Trog.
  1484 | D:2      | Succumbed to an adder's poison

Levels and vault maps discovered:
D:1:      dpeg_arrival_morbid_curiosity, layout_loops_ring
D:2:      layout_basic, bloody_trog, uniq_robin

Action                   || total
-------------------------++-------
Melee: Unarmed           ||    44
       Tentacles         ||    12
       Constrict         ||    14
       Dagger            ||     8
Throw: Dart              ||     1
 Cast: Magic Dart        ||    45
  Use: Potion            ||     2
 Stab: Sleeping          ||     3
  Eat: Chunk             ||     2
Armor: Skin              ||     1
Dodge: Dodged            ||    47

Table legend:
 A = Non-vault XP
 B = Vault XP
 C = Vault XP percentage of total XP
 D = Non-vault monster count
 E = Vault monster count
 F = Vault count percentage of total count
                 A         B        C        D         E       F
            +---------+---------+-------+---------+---------+-------
      Total |      67 |      10 |  13.0 |      30 |       5 |  14.3
            +---------+---------+-------+---------+---------+-------
        D:1 |      50 |      10 |  16.7 |      28 |       5 |  15.2
        D:2 |      17 |       0 |   0.0 |       2 |       0 |   0.0
            +---------+---------+-------+---------+---------+-------
